 Dungeon Crawl Stone Soup version 0.14-a0-1546-g4b4961f (webtiles) character file.

517 M4edhros the Poker (level 7, 0/46 HPs)
             Began as an Octopode Chaos Knight on Dec 19, 2013.
             Was a Plaything of Xom.
             Killed by divine providence
             ... invoked by an orc priest
              (10 damage)
             ... on Level 5 of the Dungeon.
             The game lasted 00:06:09 (3749 turns).

M4edhros the Poker (Octopode Chaos Knight)          Turns: 3749, Time: 00:06:10

HP   0/46        AC  1     Str 11      XL: 7   Next:  0%
MP   7/7         EV  9     Int 18      God: Xom
Gold 84          SH 15     Dex 14      Spells:  0 memorised,  6 levels left

rFire  + . .     SeeInvis .     o - +0,+2 trident
rCold  . . .     Clarity  .     l - +2 shield {rF+}
rNeg   . . .     Conserve .     (helmet restricted)
rPois  .         rCorr    +     b - cursed amulet of resist corrosion {unknown}
rElec  .         rRot     .     (no ring)
SustAb . .       Spirit   .     (no ring)
rMut   .         Warding  .     (no ring)
Saprov . . .     Stasis   .     (no ring)
                                (no ring)
                                (no ring)
                                (no ring)
                                (no ring)

@: slightly resistant to hostile enchantments, fairly stealthy
A: almost no armour, amphibious, 8 rings, constrict 8, camouflage 1, agile 1,
blurry vision 1, clever 1, gelatinous body 1
a: Renounce Religion


You were on level 5 of the Dungeon.
You worshipped Xom.
You were a very special plaything of Xom.
You were not hungry.

You visited 1 branch of the dungeon, and saw 5 of its levels.

You collected 144 gold pieces.
You spent 60 gold pieces at shops.

Inventory:

Hand weapons
 a - a +0,+0 spear of chaos
 o - a +0,+2 trident (weapon)
Armour
 l - a +2 shield of fire resistance (worn)
Magical devices
 r - a wand of frost (13)
 s - a wand of confusion (12)
Comestibles
 c - 3 bread rations
 p - an apple
 v - a pear
Scrolls
 f - a scroll of identify {unknown}
 g - 2 scrolls of recharging {unknown}
 h - a scroll of enchant weapon II {unknown}
 j - 3 scrolls of remove curse {unknown}
 k - 2 scrolls of teleportation {unknown}
 m - 2 scrolls of fear {unknown}
 q - a scroll of noise {unknown}
Jewellery
 b - a cursed amulet of resist corrosion (around mantle) {unknown}
Potions
 d - a potion of magic {unknown}
 e - a potion of heal wounds
 i - a potion of poison {unknown}
 n - 3 potions of brilliance {unknown}
 t - a potion of confusion {unknown}
 u - a potion of curing


   Skills:
 - Level 3.0 Fighting
 + Level 7.6 Polearms
 - Level 2.3 Dodging


You had 6 spell levels left.
You didn't know any spells.

Dungeon Overview and Level Annotations

Branches:
Dungeon (5/16)
 Temple: D:4-7

Altars:
Elyvilon
Kikubaaqudgha
Okawaru

Shops:
D:4 !


Innate Abilities, Weirdness & Mutations

You cannot wear most types of armour.
You are amphibious.
You can wear up to eight rings at the same time.
You can use your tentacles to constrict many enemies at once.
Your skin changes colour to match your surroundings (Stlth).
Your rubbery body absorbs attacks (AC +1).
You are agile. (Dex +2)
Your vision is a little blurry.
Your mind is acute. (Int +2)


Message History

You constrict the orc priest, but do no damage.
The orc wizard hits you but does no damage.
The orc shouts, "NO!"
The orc priest closely misses you.
You hit the orc priest but do no damage.
You squeeze the orc priest, but do no damage.
The orc priest is heavily wounded.
You constrict the orc priest, but do no damage.
The orc wizard hits you with an orcish dagger.
The orc priest calls upon Beogh to heal the orc.
The orc's wounds heal themselves!
You completely miss the orc priest.
The orc priest is heavily wounded.
You constrict the orc priest. You block the bat's attack.
The orc wizard hits you with an orcish dagger!
* * * LOW HITPOINT WARNING * * *
The orc priest calls down the wrath of Beogh upon you.
Something smites you!
You die...
Xom thinks this is hilarious!

#............
####........... ...
.....%.....#####. ....
................. .....
.....#...#########......
.....##.............o...
########...#####.b......
##.......oo.......
##......@%o......
##..............
##........####
##..........
##.........# ##########


You could see 2 orc priests, an orc wizard, an orc (confused) and a bat.

Vanquished Creatures
  Sigmund (D:4)
  A crimson imp (D:5)
  A gnoll shaman (D:4)
  3 orc priests (D:4)
  An iguana (D:4)
  A worker ant zombie (D:2)
  2 adders
  3 gnolls (D:4)
  A lemure (D:5)
  3 giant mites
  3 worms
  An ufetubus (D:5)
  3 giant geckos
  An ooze (D:1)
  9 orcs
  A bat skeleton (D:4)
  A bat zombie (D:2)
  7 giant cockroaches
  9 goblins
  9 hobgoblins
  11 kobolds
  4 quokkas
  13 bats
  5 giant newts
  A goblin skeleton (D:2)
  2 jackals (D:1)
  An orc skeleton (D:4)
  8 rats
106 creatures vanquished.

Vanquished Creatures (others)
  An ooze (D:3)
  A quokka (D:3)
2 creatures vanquished.

Grand Total: 108 creatures vanquished

Notes
Turn   | Place    | Note
--------------------------------------------------------------
     0 | D:1      | M4edhros, the Octopode Chaos Knight, began the quest for the Orb.
     0 | D:1      | Reached XP level 1. HP: 16/16 MP: 1/1
    14 | D:1      | Found a white marble altar of Elyvilon.
    39 | D:1      | XOM: potion effect (brilliance)
    66 | D:1      | Reached XP level 2. HP: 18/21 MP: 2/2
   229 | D:1      | XOM: silly message
   257 | D:1      | Reached skill level 4 in Polearms
   373 | D:1      | Reached XP level 3. HP: 26/26 MP: 3/3
   470 | D:1      | XOM: harmless Conj miscast
   537 | D:1      | XOM: silly message
   923 | D:2      | Reached XP level 4. HP: 21/31 MP: 4/4
  1047 | D:2      | XOM: silly message
  1126 | D:2      | Reached skill level 5 in Polearms
  1668 | D:3      | Reached XP level 5. HP: 27/36 MP: 5/5
  1760 | D:4      | Found an iron altar of Okawaru.
  1768 | D:4      | Noticed Sigmund
  1783 | D:4      | Gained mutation: You possess an exceptional clarity of mind. [potion of beneficial mutation]
  1790 | D:4      | Killed Sigmund
  1790 | D:4      | Reached skill level 6 in Polearms
  1834 | D:4      | XOM: divination: detect creatures
  1835 | D:4      | XOM: mild Necr miscast
  1845 | D:4      | XOM: polymorph gnoll -> quokka
  1865 | D:4      | XOM: blink monster(s)
  2027 | D:3      | XOM: colour smoke trail
  2174 | D:4      | Reached XP level 6. HP: 42/42 MP: 6/6
  2295 | D:4      | XOM: blink monster(s)
  2466 | D:4      | Found an ancient bone altar of Kikubaaqudgha.
  2502 | D:4      | Reached skill level 7 in Polearms
  2580 | D:4      | XOM: divination: magic mapping
  2655 | D:4      | Found Mnompine's Distillery.
  2662 | D:4      | Bought a potion of mutation for 36 gold pieces
  2676 | D:4      | Gained mutation: You are resistant to hostile enchantments. [potion of mutation]
  2676 | D:4      | Lost mutation: You possess an exceptional clarity of mind. [potion of mutation]
  2734 | D:4      | XOM: give mutations
  2734 | D:4      | Gained mutation: Your mind is acute. (Int +2) [Xom's mischief]
  2734 | D:4      | Gained mutation: Your spells are a little harder to cast, but a little more powerful. [Xom's mischief]
  2734 | D:4      | Gained mutation: You are agile. (Dex +2) [Xom's mischief]
  3111 | D:4      | Bought a potion of curing for 24 gold pieces
  3308 | D:4      | XOM: torment (11/42 hp)
  3371 | D:4      | XOM: medium Hex miscast
  3581 | D:5      | Entered Level 5 of the Dungeon
  3647 | D:5      | XOM: give mutations
  3647 | D:5      | Lost mutation: You are resistant to hostile enchantments. [Xom's mischief]
  3647 | D:5      | Lost mutation: Your spells are a little harder to cast, but a little more powerful. [Xom's mischief]
  3647 | D:5      | Gained mutation: Your vision is a little blurry. [Xom's mischief]
  3689 | D:5      | XOM: summons 3 hostile demons
  3741 | D:5      | Reached XP level 7. HP: 31/46 MP: 7/7
  3749 | D:5      | Killed from afar by an orc priest

Action                   |  1- 3 |  4- 6 |  7- 9 || total
-------------------------+-------+-------+-------++-------
Melee: Spear             |    87 |    58 |       ||   145
       Trident           |       |   123 |     4 ||   127
Evoke: Wand              |       |       |     4 ||     4
  Use: Potion            |       |     8 |     1 ||     9
 Stab: Sleeping          |     5 |     4 |       ||     9
